 Dungeon Crawl Stone Soup version 0.17-a0-288-gaf424a4 (webtiles) character file.

802 RobertPalmer the Basher (level 7, -1/59 HPs)
             Began as an Ogre Wizard on Mar 30, 2015.
             Was an Initiate of Vehumet.
             Slain by an iron imp (6 damage)
             ... summoned by Eustachio
             ... on level 4 of the Dungeon on Mar 31, 2015.
             The game lasted 00:15:16 (6607 turns).

RobertPalmer the Basher (Ogre Wizard)               Turns: 6607, Time: 00:15:16

Health: -1/59      AC:  3    Str: 13    XL:     7   Next: 91%
Magic:  7/9        EV: 11    Int: 17    God:    Vehumet [......]
Gold:   169        SH:  0    Dex: 10    Spells: 5 memorised, 3 levels left

rFire  . . .     SeeInvis .     a - +2 whip (elec)
rCold  . . .     Clarity  .     f - +0 robe
rNeg   . . .     SustAb   .     (no shield)
rPois  .         Gourm    .     b - +0 hat
rElec  .         Spirit   .     (no cloak)
rCorr  .         Warding  .     (gloves unavailable)
rMut   .         Stasis   .     (boots unavailable)
MR     .....                    (no amulet)
Stlth  +.........               (no ring)
                                (no ring)

@: not resistant to hostile enchantments, very unstealthy
A: unfitting armour, tough skin 1
a: Renounce Religion


You were on level 4 of the Dungeon.
You worshipped Vehumet.
Vehumet was noncommittal.
You were not hungry.

You visited 2 branches of the dungeon, and saw 5 of its levels.

You collected 169 gold pieces.

Inventory:

Hand weapons
 a - a +2 whip of electrocution (weapon)
   (You took it off Robin on level 3 of the Dungeon)
 n - a +0 giant spiked club
   (You took it off an ogre on level 4 of the Dungeon)
Missiles
 e - 26 poisoned needles
 k - 2 curare-tipped needles
Armour
 b - a +0 hat (worn)
 f - a +0 robe (worn)
Scrolls
 m - 3 scrolls of identify
 q - 2 scrolls of recharging
Potions
 g - a potion of restore abilities {unknown}
 j - a potion of resistance {unknown}
 o - a potion of cancellation {unknown}
 s - a potion of flight {unknown}
 u - a potion of heal wounds {unknown}
 v - a potion of might {unknown}
 z - 2 potions of brilliance {unknown}
Books
 c - a book of Minor Magic
 l - a book of Death
   (You found it on level 3 of the Dungeon)
Comestibles
 d - 4 meat rations {@e2}
 h - a bread ration {@e1}


   Skills:
 + Level 8.1 Maces & Flails
 - Level 4.2 Dodging
 - Level 1.5 Stealth
 - Level 3.6 Spellcasting
 - Level 2.8 Conjurations
 - Level 0.6 Summonings
 - Level 0.6 Translocations


You had 3 spell levels left.
You knew the following spells:

 Your Spells              Type           Power        Failure   Level  Hunger
a - Magic Dart            Conj           ##..         6%          1    None
b - Blink                 Tloc           N/A          21%         2    ##.....
c - Call Imp              Summ           #.......     21%         2    ##.....
d - Repel Missiles        Chrm/Air       #.....       30%         2    ##.....
x - Mephitic Cloud        Conj/Pois/Air  #.......     38%         3    ###....


Dungeon Overview and Level Annotations

Branches:
Dungeon (4/15)             Temple (1/1) D:4

Altars:
Ashenzari
Cheibriados
Elyvilon
Fedhas
Gozag
Kikubaaqudgha
Makhleb
Nemelex Xobeh
Okawaru
Qazlal
Sif Muna
Vehumet
Xom
Yredelemnul
Zin
The Shining One

Annotations:
D:4 Eustachio


Innate Abilities, Weirdness & Mutations

You are too large for most types of armour.
You have tough skin (AC +1).


Message History

Your crimson imp hits Eustachio.
The worker ant closely misses you.
Eustachio hits your crimson imp with a rapier!
You hit the worker ant.
The quokka bites you but does no damage.
Your crimson imp hits Eustachio but does no damage.
You hit the worker ant but do no damage.
The worker ant closely misses you.
Eustachio hits your crimson imp with a rapier.
The quokka barely misses you.
You hit the worker ant.
There is a sudden explosion of sparks!
You kill the worker ant!
Vehumet accepts your kill.
Your Maces & Flails skill increases to level 8!
Your crimson imp hits Eustachio but does no damage.
The bat hits you but does no damage. The quokka closely misses you.
You barely miss the quokka. The bat hits you but does no damage.
The bat barely misses you.
Eustachio mumbles some strange words.
Your crimson imp hits Eustachio but does no damage.
You barely miss the quokka. The bat hits you.
The bat hits your crimson imp but does no damage.
The quokka closely misses you.
Eustachio barely misses your crimson imp.
Your crimson imp hits Eustachio but does no damage.
You take 1 damage, and have 45/59 hp.
You miss the bat.
The quokka disappears in a puff of smoke!
The bat closely misses you. x2
The bat hits your crimson imp but does no damage.
You hit the bat.
There is a sudden explosion of sparks!
You kill the bat!
The bat's corpse disappears in a puff of smoke!
The bat hits you but does no damage. Eustachio misses your crimson imp.
Your crimson imp misses the bat.
Unknown command.
The bat hits you but does no damage.
Eustachio barely misses your crimson imp.
Your crimson imp hits the bat.
The bat hits your crimson imp.
You swap places.
The bat barely misses you.
The bat closely misses your crimson imp.
Eustachio hits you with a rapier!
You take 6 damage, and have 39/59 hp.
You miss Eustachio.
The bat hits your crimson imp but does no damage.
The quokka bites you.
The bat hits your crimson imp but does no damage.
Your crimson imp misses the bat.
Eustachio closely misses you.
You take 3 damage, and have 36/59 hp.
You barely miss Eustachio.
The bat completely misses your crimson imp.
The quokka closely misses you.
You barely miss Eustachio. The quokka bites you.
Eustachio gestures wildly while chanting.
You take 1 damage, and have 35/59 hp.
Unknown command.
You hit Eustachio. The quokka barely misses you.
You miss Eustachio.
The quokka disappears in a puff of smoke!
Eustachio casts a spell.
Eustachio blinks!
The quokka closely misses you.
You hit the bat.
There is a sudden explosion of sparks!
You kill the bat!
The bat's corpse disappears in a puff of smoke!
Your crimson imp disappears in a puff of smoke!
Eustachio gestures wildly while chanting.
Your iron imp hits the quokka.
The quokka bites you.
You take 5 damage, and have 30/59 hp.
The bat hits your iron imp but does no damage.
The bat closely misses your iron imp.
The bat hits your iron imp but does no damage.
Eustachio hits you with a rapier.
Your iron imp misses the bat.
You take 3 damage, and have 27/59 hp.
You closely miss Eustachio. The iron imp barely misses you.
The bat hits your iron imp but does no damage.
The quokka bites you.
You take 1 damage, and have 26/59 hp.
You miss Eustachio. The bat barely misses your iron imp.
Eustachio hits you with a rapier.
The bat hits your iron imp but does no damage.
Your iron imp barely misses the bat.
You take 2 damage, and have 24/59 hp.
You closely miss Eustachio.
The bat hits your iron imp but does no damage.
The quokka bites you. The bat barely misses your iron imp.
The iron imp hits you!
* * * LOW HITPOINT WARNING * * *
Eustachio screams, "Hey, you killed my favourite bat!"
Eustachio hits you with a rapier.
* * * LOW HITPOINT WARNING * * *
You take 15 damage, and have 9/59 hp.
MASSIVE DAMAGE!!
You barely miss Eustachio.
The bat hits your iron imp but does no damage. x2
The quokka bites you.
* * * LOW HITPOINT WARNING * * *
Your iron imp hits the bat.
The bat dies!
The bat's corpse disappears in a puff of smoke!
The iron imp hits you.
You die...

.# .♣ .#
.# ..##.#
. .... ...
...##..
#5...##..
#5@.......
#@#....
#r#..#
##b#..#
#.5§.# ##
#.#..# .##
#.#.)# ##
..###
#...## ...
....##
##...#
##....
.....#
#...##
##......


You could see Eustachio, an iron imp, an ufetubus, a quokka, a bat and a
friendly iron imp.

Vanquished Creatures
  A phantom (D:4)
  An ice beast (D:4)
  An ogre (D:4)
  3 orc priests
  A centaur skeleton (D:4)
  2 hounds (D:3)
  Jessica (D:3)
  2 orc wizards
  2 worker ants (D:4)
  Robin (D:3)
  5 adders
  9 gnolls
  A giant mite (D:4)
  A worm (D:3)
  2 giant geckos
  11 orcs
  A bat skeleton (D:4)
  3 giant cockroaches
  7 goblins
  10 hobgoblins
  8 kobolds
  A quokka (D:3)
  17 bats
  3 giant newts
  2 jackals (D:4)
  7 rats
103 creatures vanquished.

Vanquished Creatures (collateral kills)
  An orc priest (D:4)
  An orc wizard (D:4)
  3 gnolls
  2 orcs
  8 goblins (D:3)
  2 hobgoblins (D:3)
  A bat (D:4)
18 creatures vanquished.

Vanquished Creatures (others)
  2 crimson imps
  3 shadow imps
  4 white imps
9 creatures vanquished.

Grand Total: 130 creatures vanquished

Notes
Turn   | Place    | Note
--------------------------------------------------------------
     0 | D:1      | RobertPalmer, the Ogre Wizard, began the quest for the Orb.
     0 | D:1      | Reached XP level 1. HP: 16/16 MP: 4/4
    39 | D:1      | Reached skill level 2 in Dodging
   428 | D:1      | Reached XP level 2. HP: 24/24 MP: 5/5
   451 | D:1      | Reached skill level 1 in Maces & Flails
   933 | D:1      | Reached skill level 2 in Maces & Flails
  1020 | D:2      | Reached XP level 3. HP: 23/31 MP: 1/5
  1153 | D:2      | Learned a level 2 spell: Blink
  1156 | D:2      | Learned a level 2 spell: Repel Missiles
  1159 | D:2      | Learned a level 2 spell: Call Imp
  1300 | D:1      | HP: 7/31 [gnoll/whip of freezing (1)]
  1305 | D:1      | Reached skill level 3 in Maces & Flails
  1931 | D:2      | Reached skill level 4 in Maces & Flails
  1971 | D:2      | Reached XP level 4. HP: 39/39 MP: 6/6
  2242 | D:3      | Noticed Robin
  2396 | D:3      | Killed Robin
  2476 | D:3      | Noticed Jessica
  2498 | D:3      | Killed Jessica
  2498 | D:3      | Reached skill level 5 in Maces & Flails
  2978 | D:3      | Reached XP level 5. HP: 45/45 MP: 7/7
  2992 | D:2      | Found a burning altar of Makhleb.
  3040 | D:2      | Reached skill level 6 in Maces & Flails
  3236 | D:3      | Noticed an ogre
  3638 | D:3      | HP: 11/45 [orc/flail (9)]
  3889 | D:3      | Reached XP level 6. HP: 48/53 MP: 1/8
  4163 | D:3      | Reached skill level 3 in Dodging
  4482 | D:3      | Reached skill level 4 in Dodging
  4545 | D:3      | HP: 13/53 [poisoned by an adder]
  4551 | D:3      | HP: 11/53 [poisoned by an adder]
  4557 | D:3      | HP: 10/53 [poisoned by an adder]
  4564 | D:3      | HP: 9/53 [poisoned by an adder]
  4579 | D:3      | HP: 9/53 [goblin/dagger (2)]
  5062 | D:4      | Learned a level 3 spell: Mephitic Cloud
  5122 | D:4      | Reached XP level 7. HP: 45/59 MP: 9/9
  5127 | D:4      | Reached skill level 1 in Conjurations
  5664 | D:4      | Reached skill level 2 in Conjurations
  5801 | D:4      | Found a staircase to the Ecumenical Temple.
  5820 | Temple   | Entered the Ecumenical Temple
  5990 | Temple   | Became a worshipper of Vehumet
  6169 | D:4      | Reached skill level 7 in Maces & Flails
  6575 | D:4      | Noticed Eustachio
  6589 | D:4      | Reached skill level 8 in Maces & Flails
  6606 | D:4      | HP: 9/59 [Eustachio/rapier (6)]
  6607 | D:4      | Slain by an iron imp

Action                   |  1- 3 |  4- 6 |  7- 9 || total
-------------------------+-------+-------+-------++-------
Melee: Unarmed           |     9 |       |       ||     9
       Mace              |    42 |       |       ||    42
       Club              |     2 |       |       ||     2
       Whip              |    30 |   212 |    91 ||   333
 Cast: Magic Dart        |    17 |     2 |       ||    19
       Call Imp          |     3 |    23 |    17 ||    43
  Use: Potion            |       |     5 |       ||     5
       Scroll            |       |     7 |       ||     7
 Stab: Sleeping          |       |     1 |     1 ||     2
       Distracted        |       |       |     1 ||     1
  Eat: Chunk             |     3 |    12 |     4 ||    19
       Beef jerky        |       |       |     1 ||     1

Vault maps used:
D:1:      lemuel_arrival_lava_pool, serial_bayou_pond_b, moated_statue
D:2:      lemuel_upstairs_altar
D:3:      first_bread, cheibrodos_gnoll_hut, uniq_jessica, uniq_robin
D:4:      temple_fountains, serial_forest, infiniplex_forest_zigzag_1,
          infiniplex_forest_lined_room_2, infiniplex_forest_clump_tiny,
          infiniplex_forest_end_3, infiniplex_forest_lined_2,
          infiniplex_forest_lined_4_way, infiniplex_forest_lined_room_2,
          minmay_crossroads, uniq_eustachio
Temple:   nicolae_temple_elliptical

Table legend:
 A = Turns spent in this place as a percentage of turns spent in the entire game.
 B = Non-inter-level travel turns spent in this place as a percentage of non-inter-level travel turns spent in the entire game.
 C = Inter-level travel turns spent in this place as a percentage of turns spent in this place.
 D = Turns resting spent in this place as a percentage of non-inter-level travel turns spent in this place.
 E = Turns spent auto-exploring this place as a percentage of non-inter-level travel turns spent in this place.
 F = Non-inter-level travel turns spent in this place divided by the number of levels of this place that you've seen.
                   A       B       C       D       E      F
               +-------+-------+-------+-------+-------+----------------------
         Total | 100.0 | 100.0 |   0.3 |   3.6 |   4.1 | 461.2
       Dungeon |  91.0 |  91.0 |   0.3 |   4.0 |   4.5 | 524.5
        Temple |   9.0 |   9.0 |   0.0 |   0.0 |   0.0 | 208.0
               +-------+-------+-------+-------+-------+----------------------

Table legend:
 A = Kills in this place as a percentage of kills in entire the game.
 B = Kills by you in this place as a percentage of kills by you in the entire game.
 C = Kills by friends in this place as a percentage of kills by friends in the entire game.
 D = Other kills in this place as a percentage of other kills in the entire game.
 E = Experience gained in this place as a percentage of experience gained in the entire game.
 F = Experience gained in this place divided by the number of levels of this place that you have seen.
                   A       B       C       D       E      F
               +-------+-------+-------+-------+-------+----------------------
         Total | 100.0 | 100.0 | 100.0 |  -nan | 100.0 | 229.4
       Dungeon | 100.0 | 100.0 | 100.0 |  -nan | 100.0 | 286.8
               +-------+-------+-------+-------+-------+----------------------
